Map: Blackpink LE

Players

Nerchio

  • Race: Zerg Zerg
  • Spawn Location: 7:00

Zest - Winner!

  • Race: Protoss Protoss
  • Spawn Location: 1:00

Event: IEM Season 12 - Katowice

VOD

Have the link to the VOD?

Description

Time

  • Played on: March 2, 2018, 6:43 a.m.
  • Length: 9:52

All games in this series

Show
View Real Time Build Order
Export as new Build Order

Nerchio Zerg 

Build Orders: Hatch First 

Get SALT Encoding   

  12  0:00  Drone  
  13  0:12  Overlord  
  13  0:17  Drone  
  14  0:31  Drone x2  
  16  0:49  Hatchery  
  15  0:52  Drone  
  15  0:56  Drone  
  17  0:59  Drone  
  18  1:09  Extractor  
  17  1:15  Spawning Pool  
  17  1:17  Drone  
  17  1:21  Drone  
  18  1:28  Drone  
  19  1:39  Drone  
  20  1:50  Hatchery  
  20  1:53  Drone  
  20  2:04  Queen  
  22  2:11  Metabolic Boost  
  22  2:15  Drone  
  23  2:18  Drone  
  23  2:22  Drone  
  25  2:27  Overlord  
  25  2:35  Queen  
  27  2:38  Zergling x2  
  28  2:46  Zergling x4  
  28  2:47  Drone  
  28  2:49  Drone  
  32  2:52  Drone  
  33  2:58  Queen  
  33  3:03  Overlord  
  35  3:07  Zergling x2  
  35  3:09  Drone  
  35  3:11  Drone  
  38  3:15  Drone x2  
  38  3:18  Drone  
  38  3:19  Drone  
  42  3:23  Drone  
  42  3:24  Drone  
  42  3:26  Drone  
  45  3:28  Drone  
  45  3:33  Spore Crawler  
  45  3:35  Spore Crawler  
  45  3:41  Overlord x2  
  43  3:59  Drone, Queen  
  43  4:00  Drone x6  
  43  4:01  Drone  
  53  4:03  Drone  
  54  4:10  Drone x2  
  54  4:11  Drone  
  57  4:18  Overlord  
  57  4:19  Spore Crawler  
  56  4:26  Lair  
  56  4:27  Overlord x2  
  56  4:30  Drone  
  56  4:31  Overlord  
  57  4:36  Queen  
  57  4:38  Drone x3  
  62  4:41  Drone  
  62  4:42  Drone x2  
  64  4:52  Drone x6  
  70  4:54  Extractor  
  70  4:55  Extractor  
  70  4:58  Baneling Nest  
  67  5:04  Overlord  
  67  5:05  Zergling x8  
  67  5:06  Zergling x2  
  72  5:08  Overlord  
  72  5:10  Zergling x2  
  72  5:11  Zergling x2  
  72  5:12  Zergling x2  
  75  5:15  Zergling x4  
  75  5:19  Overlord  
  77  5:23  Drone  
  77  5:25  Drone  
  77  5:27  Hydralisk Den  
  78  5:29  Queen  
  78  5:30  Queen  
  78  5:33  Zergling x4  
  78  5:34  Zergling x2  
  84  5:43  Baneling x3  
  84  5:44  Baneling x4  
  84  5:45  Zergling x12  
  90  5:53  Evolution Chamber  
  89  6:02  Drone x2  
  89  6:03  Drone  
  83  6:05  Drone x3  
  83  6:06  Drone x4  
  83  6:07  Hydralisk  
  83  6:10  Baneling x2  
  83  6:11  Hydralisk x2  
  90  6:12  Overseer, Hydralisk  
  90  6:15  Extractor  
  90  6:17  Overlord  
  90  6:18  Hydralisk  
  95  6:21  Zergling x4  
  95  6:22  Zergling x4  
  99  6:26  Hydralisk  
  99  6:32  Drone x5  
  102  6:33  Drone  
  102  6:35  Extractor  
  102  6:37  Extractor  
  101  6:42  Hydralisk  
  101  6:43  Hydralisk x2  
  105  6:51  Drone x2  
  106  6:55  Zerg Melee Weapons Level 1  
  106  7:03  Grooved Spines  
  106  7:04  Hatchery  
  106  7:05  Zergling x10  
  106  7:06  Overlord, Zergling x8  
  114  7:11  Overlord  
  114  7:13  Drone x4  
  116  7:16  Pneumatized Carapace  
  116  7:17  Drone  
  116  7:20  Drone x2  
  119  7:25  Spore Crawler  
  119  7:26  Extractor  
  119  7:28  Drone x2  
  119  7:29  Zergling x2, Centrifical Hooks  
  120  7:39  Hydralisk x4  
  120  7:43  Zergling x8  
  132  7:44  Zergling x2  
  132  7:46  Overlord  
  132  7:49  Overlord  
  133  7:55  Overlord x2  
  133  7:59  Overlord  
  133  8:03  Overlord  
  133  8:07  Zergling x12  
  133  8:12  Drone x3  
  142  8:15  Muscular Augments  
  142  8:16  Overlord x2  
  141  8:27  Zergling x10  
  141  8:29  Zergling x2  
  141  8:30  Zergling x2  
  141  8:31  Zergling x2  
  141  8:32  Zergling x2  
  141  8:33  Zergling x2  
  151  8:34  Hatchery  
  151  8:37  Zergling x8  
  154  8:47  Zergling x12  
  160  8:58  Baneling x6  
  160  8:59  Baneling x28  
  160  9:00  Baneling x3  
  160  9:01  Zergling x2  
  161  9:04  Zergling x8  
  161  9:05  Zergling x2  
  161  9:07  Baneling  
  161  9:08  Baneling x6  
  161  9:09  Baneling x2  
  164  9:18  Baneling x6  
  164  9:19  Baneling x17  
  164  9:23  Zergling x2  
  164  9:24  Zergling x8  
  169  9:25  Zergling x2  
  169  9:26  Baneling x3  
  169  9:29  Baneling x2  
  169  9:30  Baneling x2  
Show
View Real Time Build Order
Export as new Build Order

Zest Protoss - Winner!

Build Orders: 1 Gate Expand, Oracle Opening, Phoenix Opening, Archon Immortal, Zealot Archon, Archon Drop 

Get SALT Encoding   

  12  0:00  Probe  
  13  0:12  Probe  
  14  0:19  Pylon  
  14  0:25  Probe (Chrono Boost)  
  15  0:38  Probe (Chrono Boost)  
  15  0:40  Gateway  
  16  0:46  Probe (Chrono Boost)  
  16  0:47  Assimilator  
  17  0:52  Probe  
  18  1:04  Probe  
  19  1:16  Probe  
  20  1:24  Nexus  
  20  1:34  Cybernetics Core  
  20  1:37  Probe  
  21  1:42  Assimilator  
  21  1:49  Probe  
  21  1:52  Pylon  
  23  2:01  Probe  
  23  2:09  Adept (Chrono Boost)  
  23  2:13  Probe  
  23  2:15  Stargate  
  26  2:22  Warp Gate  
  26  2:26  Probe (Chrono Boost)  
  26  2:27  Adept  
  29  2:36  Probe (Chrono Boost)  
  30  2:43  Probe (Chrono Boost)  
  32  2:45  Probe (Chrono Boost)  
  32  2:50  Probe x2 (Chrono Boost)  
  33  2:57  Phoenix (Chrono Boost)  
  36  3:01  Probe  
  36  3:02  Probe  
  38  3:12  Pylon, Oracle (Chrono Boost)  
  38  3:14  Probe x2  
  43  3:26  Probe x2  
  45  3:29  Assimilator  
  45  3:30  Assimilator  
  45  3:35  Gateway  
  45  3:40  Oracle (Chrono Boost)  
  45  3:44  Probe  
  45  3:45  Probe  
  45  3:47  Pylon  
  50  3:57  Probe x2  
  50  4:00  Robotics Facility  
  52  4:09  Probe x2, Twilight Council  
  54  4:21  Probe x2  
  56  4:30  Gateway  
  56  4:31  Gateway x2  
  56  4:33  Gateway  
  56  4:45  Charge (Chrono Boost)  
  56  4:46  Warp Prism (Chrono Boost)  
  58  4:53  Templar Archives  
  58  5:01  Zealot x2  
  58  5:03  Pylon  
  62  5:07  Pylon  
  62  5:16  Pylon  
  62  5:21  Nexus  
  62  5:36  High Templar x4  
  62  5:37  Pylon, Zealot x2  
  62  5:39  Observer  
  62  5:40  Archon x2  
  75  5:47  Probe  
  75  5:48  Probe  
  75  5:49  Pylon  
  77  6:04  Probe x2 (Chrono Boost)  
  73  6:07  Psionic Storm  
  71  6:13  Gateway  
  71  6:14  Gateway  
  71  6:15  Assimilator  
  71  6:16  Probe (Chrono Boost), Forge  
  71  6:17  Assimilator  
  73  6:22  Probe (Chrono Boost)  
  73  6:24  Probe (Chrono Boost)  
  74  6:28  Probe (Chrono Boost)  
  74  6:30  Probe  
  76  6:37  Probe  
  77  6:40  Probe, Shield Battery  
  77  6:42  Probe, Zealot, High Templar x2  
  85  6:49  Probe  
  85  6:52  Probe  
  85  6:54  Probe, Zealot, High Templar x2  
  90  6:56  Protoss Ground Weapons Level 1 (Chrono Boost)  
  90  6:57  Photon Cannon  
  93  7:05  Immortal (Chrono Boost)  
  97  7:09  Probe x2  
  97  7:10  Probe  
  100  7:21  Probe  
  101  7:30  Robotics Facility  
  101  7:34  Immortal (Chrono Boost)  
  101  7:35  Probe x3  
  101  7:36  Pylon  
  108  7:41  High Templar x2  
  108  7:43  Photon Cannon  
  112  7:44  Shield Battery  
  112  7:45  Archon  
  112  7:47  Photon Cannon  
  112  7:53  Nexus  
  112  7:56  Pylon, Photon Cannon  
  112  8:02  Probe  
  112  8:03  Probe x2  
  115  8:16  Immortal (Chrono Boost)  
  115  8:19  Pylon  
  120  8:24  Observer (Chrono Boost)  
  120  8:30  Photon Cannon  
  120  8:31  Photon Cannon  
  120  8:32  High Templar x2  
  120  8:33  Sentry, High Templar x2  
  120  8:34  Shield Battery  
  130  8:35  Zealot  
  130  8:38  Archon x2  
  132  8:42  Immortal (Chrono Boost)  
  132  8:47  Assimilator  
  140  8:51  Immortal (Chrono Boost), Assimilator  
  137  8:56  Pylon  
  137  8:57  Pylon  
  137  9:03  Zealot  
  137  9:04  Zealot  
  137  9:05  Zealot x4  
  137  9:06  Zealot x2  
  153  9:17  Pylon  
  153  9:19  Pylon  
  153  9:20  Pylon  
  153  9:27  High Templar x4  
  153  9:30  Zealot x4  
  169  9:33  Archon  
  169  9:34  Archon  
  163  9:43  Archon x2  
  143  9:50  Zealot x4  

Tags
 
Add a new tag
Caveats
  • Supply blocks, unpowered buildings, or Contaminate may cause inaccurate times.
  • Supply counts are checked every 10 seconds.